AoeStats
← torpedo bob

Arabia

507585984Analyzed
2v2 RM · 13d ago on Sep 18, 2026· 84m 0s· 4 players
Game mode
Random Map
Map size
Medium (4 player)
Population
200
Speed
Normal
Resources
Standard
Victory
Conquest
Starting age
Dark Age
Ending age
Imperial Age
RankedLock teamsTeams togetherTeam positionsShared explorationLock speedFull tech treeHidden civsTurbo modeCheats
Victory
Defeat
🇲🇽 Japanese · Mexico
424
+18
🇧🇷 Koreans · Brazil
399
+19
🇳🇱 Gurjaras · Netherlands
472
-19
🇳🇱 Koreans · Netherlands
457
-18
luis_14_mota
12:15 Feudal Age
12:56 Horse Collar
13:43 Double-Bit Axe
19:02 Wheelbarrow
20:53 Gold Mining
20:54 Stone Mining
23:31 Castle Age
24:24 Heavy Plow
24:37 Bow Saw
25:12 Gold Shaft Mining
33:50 Imperial Age
31:37 Hand Cart
31:09 Loom
33:27 Arson
33:42 Squires
33:28 Gambesons
33:04 Man-at-Arms
33:05 Pikeman
33:54 Thumb Ring
33:10 Crossbowman
33:11 Elite Skirmisher
34:04 Husbandry
34:04 Cavalier
36:16 Hoardings
36:03 Conscription
36:05 Kataparuto
36:48 Treadmill Crane
37:20 Masonry
37:34 Ballistics
38:17 Chemistry
38:29 Two-Man Saw
38:22 Arbalester
40:37 Coinage
40:07 Caravan
40:24 Elite Samurai
44:07 Scale Barding Armor
44:03 Scale Mail Armor
44:14 Forging
43:55 Fletching
44:06 Padded Archer Armor
44:15 Siege Engineers
43:57 Arrowslits
46:59 Chain Barding Armor
46:55 Chain Mail Armor
47:16 Iron Casting
47:15 Banking
47:20 Long Swordsman
53:57 Plate Mail Armor
54:28 Blast Furnace
53:24 Bodkin Arrow
53:45 Leather Archer Armor
53:01 Two-Handed Swordsman
53:12 Halberdier
54:46 Guard Tower
57:13 Bracer
57:53 Keep
francisletsfly
12:26 Feudal Age
13:10 Double-Bit Axe
13:08 Horse Collar
27:23 Castle Age
46:31 Heavy Plow
48:14 Bow Saw
48:50 Gold Mining
51:02 Loom
51:04 Town Watch
52:24 Wheelbarrow
55:34 Stone Mining
56:14 Hand Cart
56:48 Ballistics
56:26 Murder Holes
58:45 Stone Shaft Mining
58:51 Gold Shaft Mining
58:42 Treadmill Crane
61:37 Imperial Age
61:43 Elite War Wagon
62:39 Heavy Rocket Cart
64:25 Two-Man Saw
65:48 Siege Engineers
65:36 Fletching
65:57 Forging
67:35 Town Patrol
67:45 Bodkin Arrow
68:03 Forging
67:54 Scale Mail Armor
68:03 Pikeman
68:29 Gambesons
68:45 Squires
68:30 Arson
70:46 Shinkichon
71:10 Fortified Wall
71:13 Masonry
73:45 Chemistry
73:16 Architecture
78:27 Bracer
79:03 Iron Casting
78:44 Chain Mail Armor
77:53 Halberdier
Grubby
7:09 Loom
10:45 Feudal Age
12:50 Man-at-Arms
16:11 Arson
37:31 Castle Age
36:40 Double-Bit Axe
36:42 Horse Collar
37:48 Gold Mining
38:57 Husbandry
41:59 Wheelbarrow
41:11 Crossbowman
43:42 Bow Saw
43:59 Town Watch
44:54 Thumb Ring
48:32 Scale Barding Armor
48:38 Forging
51:35 Chain Barding Armor
51:50 Ballistics
51:27 Murder Holes
51:43 Masonry
51:44 Fortified Wall
51:18 Treadmill Crane
52:01 Hand Cart
56:36 Gold Shaft Mining
61:43 Imperial Age
60:22 Iron Casting
61:01 Fletching
61:52 Cavalier
62:18 Capped Ram
64:31 Town Patrol
65:44 Caravan
68:00 Shinkichon
68:01 Pikeman
68:41 Squires
68:03 Elite Fire Lancer
70:40 Halberdier
71:31 Scale Mail Armor
torpedo bob
12:20 Feudal Age
13:38 Wheelbarrow
13:03 Horse Collar
13:47 Double-Bit Axe
18:40 Bloodlines
26:49 Castle Age
25:17 Gold Mining
27:21 Fletching
27:33 Padded Archer Armor
28:33 Hand Cart
32:43 Forging
32:34 Scale Mail Armor
32:31 Fletching
32:47 Padded Archer Armor
34:09 Ballistics
34:06 Murder Holes
35:05 Stone Mining
35:53 Gold Shaft Mining
37:54 Imperial Age
39:10 Iron Casting
39:23 Hoardings
40:54 Chain Mail Armor
41:54 Elite Chakram Thrower
43:22 Heavy Plow
43:42 Bow Saw
46:18 Plate Mail Armor
48:32 Masonry
56:16 Stone Shaft Mining
Connection lost

Rejoining the realm…

Still unreachable

The connection could not be restored.

Session expired

The server has moved on; the page needs a fresh start.